 Dungeon Crawl Stone Soup version 0.30-a0-913-g9934a0ce24 (webtiles) character file.

Game seed: 5812894151043991773

17159 Pimp the Fighter (level 12, -4/153 (156) HPs)
             Began as a Grey Draconian Fire Elementalist on Mar 17, 2023.
             Was an Elder of Vehumet.
             Slain by a minotaur
             ... wielding a +7 morningstar of holy wrath
              (21 damage)
             ... in a Gauntlet on Mar 19, 2023.
             The game lasted 01:32:50 (17771 turns).

Pimp the Fighter (DrFE)                            Turns: 17771, Time: 01:32:51

HP:   -4/153 (156)  AC: 26    Str: 10      XL:     12   Next: 16%
MP:   7/23          EV:  2    Int: 19 (20) God:    Vehumet [****..]
Gold: 1057          SH:  5    Dex: 10 (11) Spells: 1/26 levels left

rFire   + . .      SeeInvis +    C - +4 long sword of the Kissing Gods {vamp, Drain rElec rF+}
rCold   . . .      Faith    .    J - +0 buckler
rNeg    . . .      Spirit   .    (body armour unavailable)
rPois   +          Reflect  .    (helmet currently unavailable)
rElec   +          Rampage  .    g - melded +1 cloak
rCorr   .          NoTele   +    V - melded +0 pair of gloves
Will    .....                    s - melded +0 pair of boots
Stlth   +++                      (no amulet)
HPRegen 0.45/turn                d - +5 ring of evasion
MPRegen 0.18/turn                p - +5 ring of evasion

@: mighty, tree-form, lightly drained, unable to read
A: stationary, stasis, torment immunity, boosted hp, AC +13, (amphibious),
unfitting armour, (cold-blooded), (hooves 1), (horns 1), (stinger 1), see
invisible, deterioration 2, weak 1, inability to read after injury 1
a: Renounce Religion


You were in a Gauntlet.
You worshipped Vehumet.
Vehumet was greatly pleased with you.
You were a tree.
You visited 4 branches of the dungeon, and saw 14 of its levels.
You also visited: Sewer and Gauntlet.

You collected 1057 gold pieces.

Inventory:

Hand Weapons
 a - a +2 flail of holy wrath
 b - a +2 dagger of flaming
 e - a +0 hand axe
 i - a +0 halberd
 j - a +2 heavy triple crossbow
 n - a +2 rapier of draining
 t - a +3 hand axe of protection
 x - a +0 falchion of venom
 C - the +4 long sword of the Kissing Gods (weapon) {vamp, Drain rElec rF+}
   (You found it on level 8 of the Dungeon)

   rF:        It protects you from fire.
   rElec:     It insulates you from electricity.
   Drain:     It drains your maximum health when unequipped.
 F - the +7 mace of Variability {chaos, chain chaos}
   (You found it on level 8 of the Dungeon)
 K - a +4 scimitar of flaming
Missiles
 l - 40 poisoned darts
 Q - 3 throwing nets
Armour
 g - a +1 cloak (melded)
 s - a +0 pair of boots (melded)
 y - a +0 robe
 G - a +0 kite shield
 J - a +0 buckler (worn)
 V - a +0 pair of gloves (melded)
Jewellery
 d - a +5 ring of evasion (left branch)
 h - a ring of fire
 p - a +5 ring of evasion (right branch)
 q - the brooch of Shielding {Spirit SH+8}
   (You found it in a Gauntlet)

   [amulet of guardian spirit]

   It causes incoming damage to be divided between your reserves of health and
   magic.
   SH:        It affects your SH (+8).
 u - the ring "Wapuvvy" {Int+6 Dex+3}
   (You found it in a Gauntlet)

   [ring of intelligence]

   Int:       It affects your intelligence (+6).
   Dex:       It affects your dexterity (+3).
 v - a ring of magical power
 O - a ring of ice
Wands
 w - a wand of flame (22)
 H - a wand of quicksilver (10)
 R - a wand of digging (2)
 T - a wand of charming (7) (quivered)
 U - a wand of iceblast (6)
Scrolls
 f - 3 scrolls of fog
 m - 6 scrolls of identify
 r - 3 scrolls of blinking
 B - 3 scrolls of poison
 M - a scroll of immolation
 N - 3 scrolls of teleportation
 S - a scroll of enchant weapon
Potions
 k - 2 potions of brilliance
 o - a potion of might
 z - 2 potions of cancellation
 E - a potion of flight
Miscellaneous
 D - a condenser vane


   Skills:
 + Level 9.0 Fighting
 - Level 2.2(4.4) Short Blades
 + Level 5.9(6.1) Long Blades
 - Level 0.1(0.3) Axes
 - Level 0.4 Polearms
 - Level 5.3 Dodging
 - Level 5.6 Stealth
 - Level 7.0 Shields
 + Level 7.9 Spellcasting
 * Level 7.7 Conjurations
 - Level 6.2 Fire Magic
 * Level 2.2 Earth Magic
 - Level 4.7 Poison Magic


You had one spell level left.
You knew the following spells:

 Your Spells              Type           Power      Damage    Failure   Level
a - Foxfire               Conj/Fire      100%       2x1d9     1%          1
b - Scorch                Fire           62%        2d8       1%          2
c - Ensorcelled Hibernat  Hex/Ice        14%        N/A       19%         2
d - Ignite Poison         Fire/Tmut/Pois 21%        N/A       2%          3
e - Flame Wave            Conj/Fire      34%        2d10      1%          4
f - Searing Ray           Conj           74%        2d7       1%          2
g - Swiftness             Air            7%         N/A       34%         3
h - Lehudib's Crystal Sp  Conj/Erth      13%        10d4      100%        8

Your spell library contained the following spells:

 Spells                   Type           Power      Damage    Failure   Level
 Mephitic Cloud           Conj/Pois/Air  23%        N/A       1%          3
 Beastly Appendage        Tmut           14%        N/A       12%         1
 Slow                     Hex            28%        N/A       12%         1
 Inner Flame              Hex/Fire       19%        N/A       2%          3
 Kindle Blastsparks       Fire/Tloc/Air  30%        2d12      4%          3
 Passwall                 Tmut/Erth      9%         N/A       11%         2
 Spider Form              Tmut/Pois      16%        N/A       13%         3
 Wereblood                Tmut           7%         N/A       19%         2
 Freezing Cloud           Conj/Ice/Air   8%         6-21      28%         5
 Confusing Touch          Hex            7%         N/A       34%         3
 Portal Projectile        Hex/Tloc       14%        N/A       34%         3
 Tukima's Dance           Hex            7%         N/A       34%         3
 Vampiric Draining        Necr           7%         2d6       34%         3
 Passage of Golubria      Tloc           7%         N/A       75%         4
 Blade Hands              Tmut           3%         N/A       97%         5
 Silence                  Hex/Air        3%         N/A       97%         5


Dungeon Overview and Level Annotations

Branches:
Dungeon (11/15)            Temple (1/1) D:4            Lair (1/5) D:9
    Orc (1/2) D:10          Sewer (visited)         Gauntlet (1/1)

Altars:
Ashenzari
Cheibriados
Dithmenos
Elyvilon
Fedhas
Gozag
Hepliaklqana
Kikubaaqudgha
Makhleb
Nemelex Xobeh
Okawaru
Qazlal
Ru
Sif Muna
Trog
Uskayaw
Vehumet
Wu Jian
Xom
Yredelemnul
Zin
The Shining One

Shops:
D:6 (

Portals:
Trove: D:10 (give +8 demon whip)

Annotations:
D:2 Natasha
D:6 2 transporters, Pimp's ghost, novice DrEE Gauntlet 8 transporters, exclusion: 2 lightning spires


Innate Abilities, Weirdness & Mutations

You are a tree.
Your roots penetrate the ground, keeping you stationary.
You cannot be teleported.
You are immune to unholy pain and torment.
Your maximum health is greatly increased.
Your equipment is partially melded.
((Your dull iron-grey scales are very hard. (AC +13)))
((You are amphibious.))
You cannot fit into any form of body armour.
((You are cold-blooded and may be slowed by cold attacks.))
((You have large cloven feet.))
((You have a pair of small horns on your head.))
((Your tail ends in a venomous barb.))
You have supernaturally acute eyesight. (SInv)
Your body often deteriorates upon taking damage.
You are weak. (Str -2)
You occasionally lose the ability to read scrolls when taking damage.


Message History

The minotaur gores you but does no damage.
You feel better. The minotaur completely misses you.
The minotaur closely misses you.
You feel better.
The minotaur hits you with a +7 morningstar of holy wrath!!
* * * LOW HITPOINT WARNING * * *
The minotaur barely misses you.
You feel better.
You start to feel a little faster.
The minotaur misses you.
The minotaur gores you but does no damage.
You feel better.
The minotaur is no longer more vulnerable to fire.
The minotaur hits you with a +7 morningstar of holy wrath!
* * * LOW HITPOINT WARNING * * *
The minotaur closely misses you.
You feel better.
The minotaur hits you with a +7 morningstar of holy wrath!
* * * LOW HITPOINT WARNING * * *
The minotaur barely misses you.
You feel better.
The minotaur hits you with a +7 morningstar of holy wrath.
* * * LOW HITPOINT WARNING * * *
The minotaur barely misses you.
Really quaff the potion of lignification?
You turn into a tree.
Your +1 cloak melds into your body.
Your +0 pair of gloves melds into your body.
Your +0 pair of boots melds into your body.
Your roots penetrate the ground.
You block the minotaur's attack.
The minotaur gores you but does no damage.
Unknown command.
You hit the minotaur.
The minotaur is lightly wounded.
The minotaur barely misses you. The minotaur gores you!
* * * LOW HITPOINT WARNING * * *
You hit the minotaur.
The minotaur is lightly wounded.
You no longer feel sluggish.
The minotaur hits you with a +7 morningstar of holy wrath!!
You die...

#.###.#..##
#.....#..§###########
#######..###........#
.........##..###.##.##
#######..#..........8#
.#.#.##..#...#.#.....#
#.#.#Z#.8#.©.#.#.#######
.#.#[##..#...#...#8.8}8[
#.#.#Z#.∩#.©.###♣H......
.#©#.##..#...#...#8.8[8[
#Z#.#}#.8#.©.#.#.#######
k#Z#.##..#...#.#.....#
#######..#..........8#
.........##..###.##.##
#######..###...... .#
......#..§######## #
8####$#..##


You could see a minotaur.

Vanquished Creatures
  Fannar (D:10)
  Harold (D:11)
  Erica (D:10)
  A two-headed ogre (D:11)
  Lodul (D:11)
  An orc knight (D:10)
  A shining eye (Gauntlet)
  2 ugly things (D:11)
  A gargoyle (D:11)
  2 unseen horrors
  A komodo dragon (D:9)
  A raiju (Gauntlet)
  2 slime creatures (Gauntlet)
  2 shadows (D:10)
  A wyvern (D:11)
  15 yaks
  2 golden eyes (Gauntlet)
  2 wraiths
  3 steam dragons
  2 chaos spawn (D:8)
  Edmund (D:5)
  A warg (D:10)
  4 acid dragons
  2 water moccasins
  13 orc warriors
  2 black bears
  An ice beast (D:6)
  10 ogres
  3 centaurs
  A lemure (D:4)
  4 kobold brigands
  8 bullfrogs
  2 scorpions
  11 wights
  15 killer bees
  2 howler monkeys
  A hound (D:5)
  4 jellies
  10 orc priests
  Natasha (twice) (D:2)
  2 iguanas (D:7)
  12 orc wizards
  7 adders
  9 gnolls
  A white imp (D:6)
  An ufetubus (D:6)
  2 dart slugs
  33 orcs
  3 endoplasms (D:1)
  13 giant cockroaches
  6 goblins
  8 hobgoblins
  5 jackals
  7 quokkas
  11 ball pythons
  3 bats
  15 frilled lizards
  31 kobolds
  11 rats
320 creatures vanquished.

Vanquished Creatures (collateral kills)
  Nergalle (Lair:1)
  Duvessa (D:6)
  Dowan (D:6)
  Crazy Yiuf (D:6)
4 creatures vanquished.

Vanquished Creatures (others)
  A wight (D:7)
  A demonic plant (Gauntlet)
  318 foxfires
  11 fungi
  11 plants
342 creatures vanquished.

Grand Total: 666 creatures vanquished

Notes
Turn   | Place    | Note
-------+----------+-------------------------------------------
     0 | D:1      | Pimp the Draconian Fire Elementalist began the quest for
                  | the Orb.
     0 | D:1      | Reached XP level 1. HP: 14/14 MP: 3/3
   322 | D:1      | Reached XP level 2. HP: 8/20 MP: 0/5
   696 | D:1      | Reached XP level 3. HP: 26/26 MP: 6/6
  1161 | D:2      | Noticed Natasha
  1174 | D:2      | Killed Natasha
  1175 | D:2      | Reached XP level 4. HP: 12/34 MP: 2/7
  1285 | D:2      | Found a faded altar of an unknown god.
  1287 | D:2      | Noticed a floating eye
  1287 | D:2      | Noticed an eye of devastation
  1288 | D:2      | Noticed a shining eye
  1288 | D:2      | Noticed a golden eye
  1440 | D:2      | Noticed Natasha
  1454 | D:2      | Killed Natasha
  1455 | D:2      | Reached skill level 1 in Fighting
  1711 | D:2      | Noticed Natasha
  2255 | D:3      | Found a hide-covered altar of Uskayaw.
  2279 | D:3      | Reached XP level 5. HP: 40/40 MP: 5/9
  2818 | D:4      | Found a staircase to the Ecumenical Temple.
  2827 | Temple   | Entered the Ecumenical Temple
  2889 | Temple   | Became a worshipper of Vehumet
  2939 | D:4      | Gained mutation: You have large cloven feet. [potion of
                  | mutation]
  2939 | D:4      | Gained mutation: Your spells are a little easier to cast,
                  | but a little less powerful. [potion of mutation]
  2945 | D:4      | HP: 2/40 [something (3)]
  3410 | Temple   | Learned a level 2 spell: Scorch
  3413 | Temple   | Learned a level 2 spell: Ensorcelled Hibernation
  3417 | Temple   | Learned a level 3 spell: Ignite Poison
  3863 | D:4      | Noticed an ogre
  3892 | D:4      | Killed an ogre
  3893 | D:4      | Reached XP level 6. HP: 48/48 MP: 7/11
  4129 | D:5      | Entered Level 5 of the Dungeon
  4450 | D:5      | Reached skill level 2 in Fighting
  4450 | D:5      | Reached skill level 1 in Short Blades
  4579 | D:5      | Reached skill level 1 in Poison Magic
  4579 | D:5      | Your scales start taking on a dull iron-grey colour.
  4579 | D:5      | Reached XP level 7. HP: 29/55 MP: 10/12
  4685 | D:5      | Noticed Edmund
  4696 | D:5      | Killed Edmund
  5257 | D:5      | Found an iron altar of Okawaru.
  5756 | D:5      | Reached skill level 3 in Fighting
  5756 | D:5      | Reached XP level 8. HP: 63/63 MP: 1/14
  5969 | D:6      | Learned a level 4 spell: Flame Wave
  5976 | D:6      | Found an ancient bone altar of Kikubaaqudgha.
  6169 | D:6      | Found a sacrificial altar of Ru.
  6172 | D:6      | Found a burning altar of Makhleb.
  6175 | D:6      | Found a shimmering blue altar of Sif Muna.
  6189 | D:6      | Found a snail-covered altar of Cheibriados.
  6264 | D:6      | Found a glowing drain.
  6435 | Sewer    | Entered a sewer
  6464 | Sewer    | Reached * piety under Vehumet
  6464 | Sewer    | Offered knowledge of Magic Dart by Vehumet.
  6664 | D:6      | Upgraded the game from 0.30-a0-883-g5ad918d77d to
                  | 0.30-a0-900-g23479c02f2
  6673 | D:6      | Found a transporter.
  6673 | D:6      | Noticed a purple ugly thing
  6674 | D:6      | Found a transporter.
  6674 | D:6      | Noticed Pimp's ghost (novice DrEE)
  6832 | D:6      | Reached skill level 5 in Spellcasting
  6951 | D:6      | Found Zael's Weapon Shop.
  7087 | D:6      | Offered knowledge of Searing Ray by Vehumet.
  7091 | D:6      | Learned a level 2 spell: Searing Ray
  7244 | D:6      | Reached skill level 1 in Long Blades
  7253 | D:6      | Found a runed translucent door.
  7253 | D:6      | Noticed Duvessa
  7254 | D:6      | Noticed Crazy Yiuf
  7256 | D:6      | Noticed Dowan
  7261 | D:6      | Learned a level 3 spell: Swiftness
  7295 | D:6      | Killed Duvessa
  7296 | D:6      | Killed Dowan
  7296 | D:6      | Reached ** piety under Vehumet
  7309 | D:6      | Killed Crazy Yiuf
  7650 | D:6      | Reached skill level 5 in Fire Magic
  7974 | D:7      | Reached skill level 4 in Fighting
  7978 | D:7      | Reached XP level 9. HP: 63/71 MP: 9/17
  8612 | D:7      | Offered knowledge of Stone Arrow by Vehumet.
  9252 | D:8      | Reached skill level 5 in Stealth
  9252 | D:8      | Identified the +4 long sword of the Kissing Gods {vamp,
                  | Drain rElec rF+}
  9317 | D:8      | Reached *** piety under Vehumet
  9340 | D:8      | Reached skill level 5 in Fighting
  9523 | D:8      | Found the +7 mace of Variability {chaos, chain chaos}
  9541 | D:8      | Found a shimmering altar of Xom.
  9552 | D:8      | Reached skill level 5 in Conjurations
  9552 | D:8      | Reached XP level 10. HP: 68/81 MP: 10/19
  9760 | D:8      | Found a sparkling altar of Nemelex Xobeh.
  9763 | D:8      | Found an opulent altar of Gozag.
 10122 | D:8      | Reached skill level 5 in Dodging
 10133 | D:8      | Offered knowledge of Airstrike by Vehumet.
 10837 | D:9      | Found a staircase to the Lair.
 11542 | D:10     | Entered Level 10 of the Dungeon
 11587 | D:10     | Reached skill level 6 in Fighting
 11642 | D:10     | Noticed Erica
 11805 | D:10     | Killed Erica
 11928 | D:10     | Found a portal to a secret trove of treasure.
 12023 | D:10     | Reached XP level 11. HP: 86/91 MP: 11/21
 12192 | D:10     | Reached skill level 5 in Shields
 12318 | D:10     | Reached **** piety under Vehumet
 12319 | D:10     | Reached skill level 7 in Fighting
 12523 | D:10     | Offered knowledge of Mephitic Cloud by Vehumet.
 12531 | D:10     | Found a staircase to the Orcish Mines.
 13114 | D:10     | Noticed Fannar
 13134 | D:10     | Killed Fannar
 13439 | D:11     | Noticed Harold
 13467 | D:11     | Killed Harold
 14064 | D:11     | Found a hide-covered altar of Uskayaw.
 14068 | D:11     | Noticed a two-headed ogre
 14085 | D:11     | Killed a two-headed ogre
 14086 | D:11     | Reached skill level 8 in Fighting
 14158 | D:11     | Noticed Lodul
 14178 | D:11     | Killed Lodul
 14179 | D:11     | Reached skill level 5 in Long Blades
 14471 | D:11     | Noticed a cyan ugly thing
 14493 | D:11     | Killed a cyan ugly thing
 14803 | D:11     | Noticed a green ugly thing
 14816 | D:11     | Killed a green ugly thing
 15456 | Orc:1    | Entered Level 1 of the Orcish Mines
 15584 | Orc:1    | Noticed an orc knight
 15585 | Orc:1    | Noticed an orc knight
 15931 | D:10     | Killed an orc knight
 16153 | D:10     | Upgraded the game from 0.30-a0-900-g23479c02f2 to
                  | 0.30-a0-913-g9934a0ce24
 16801 | Lair:1   | Entered Level 1 of the Lair of Beasts
 16879 | Lair:1   | Noticed Nergalle
 17044 | Lair:1   | Killed Nergalle
 17045 | Lair:1   | Reached XP level 12. HP: 69/88 MP: 10/23
 17113 | D:9      | Learned a level 8 spell: Lehudib's Crystal Spear
 17184 | Lair:1   | Identified the scarf of the Known World {rC+ rF+, Drain
                  | +Inv rPois SInv}
 17215 | Lair:1   | Found a gate leading to a gauntlet.
 17250 | Gauntlet | Entered a Gauntlet
 17250 | Gauntlet | Found a transporter.
 17250 | Gauntlet | Found a transporter.
 17263 | Gauntlet | Found a transporter.
 17266 | Gauntlet | Found the brooch of Shielding {Spirit SH+8}
 17280 | Gauntlet | Found a transporter.
 17280 | Gauntlet | Found a transporter.
 17280 | Gauntlet | Found a transporter.
 17282 | Gauntlet | Found a transporter.
 17282 | Gauntlet | Found a transporter.
 17295 | Gauntlet | Found a transporter.
 17311 | Gauntlet | Found a transporter.
 17320 | Gauntlet | Noticed a blizzard demon
 17321 | Gauntlet | Found a transporter.
 17338 | Gauntlet | Found a transporter.
 17358 | Gauntlet | Found a transporter.
 17373 | Gauntlet | Found a transporter.
 17443 | Gauntlet | Reached skill level 1 in Earth Magic
 17505 | Gauntlet | Gained mutation: Your body sometimes deteriorates upon
                  | taking damage. [a shining eye]
 17509 | Gauntlet | Gained mutation: You are dopey. (Int -2) [a shining eye]
 17512 | Gauntlet | Gained mutation: Your body often deteriorates upon taking
                  | damage. [a shining eye]
 17513 | Gauntlet | Gained mutation: You occasionally lose the ability to read
                  | scrolls when taking damage. [a shining eye]
 17514 | Gauntlet | Gained mutation: You are vulnerable to heat. (rF-) [a
                  | shining eye]
 17515 | Gauntlet | Gained mutation: You have a pair of small horns on your
                  | head. [a shining eye]
 17520 | Gauntlet | Gained mutation: You are strong-willed. (Will+) [a shining
                  | eye]
 17524 | Gauntlet | Reached skill level 9 in Fighting
 17546 | Gauntlet | Lost mutation: You have large cloven feet. [potion of
                  | mutation]
 17546 | Gauntlet | Lost mutation: You are dopey. (Int -2) [potion of mutation]
 17546 | Gauntlet | Gained mutation: You occasionally shout uncontrollably at
                  | your foes. [potion of mutation]
 17546 | Gauntlet | Gained mutation: You are somewhat resistant to further
                  | mutation. [potion of mutation]
 17558 | Gauntlet | Lost mutation: Your spells are a little easier to cast, but
                  | a little less powerful. [potion of mutation]
 17558 | Gauntlet | Lost mutation: You are somewhat resistant to further
                  | mutation. [potion of mutation]
 17558 | Gauntlet | Gained mutation: You are weak. (Str -2) [potion of
                  | mutation]
 17558 | Gauntlet | Gained mutation: You are robust. (+10% HP) [potion of
                  | mutation]
 17558 | Gauntlet | Gained mutation: Your tail ends in a venomous barb. [potion
                  | of mutation]
 17559 | Gauntlet | Lost mutation: You occasionally shout uncontrollably at
                  | your foes. [potion of mutation]
 17559 | Gauntlet | Lost mutation: You are vulnerable to heat. (rF-) [potion of
                  | mutation]
 17559 | Gauntlet | Lost mutation: You are strong-willed. (Will+) [potion of
                  | mutation]
 17559 | Gauntlet | Gained mutation: You have large cloven feet. [potion of
                  | mutation]
 17559 | Gauntlet | Lost mutation: You are robust. (+10% HP) [potion of
                  | mutation]
 17559 | Gauntlet | Gained mutation: You have supernaturally acute eyesight.
                  | (SInv) [potion of mutation]
 17590 | Gauntlet | Identified the ring "Wapuvvy" {Int+6 Dex+3}
 17746 | Gauntlet | Noticed a minotaur
 17771 | Gauntlet | Slain by a minotaur

Illustrated notes

Levels and vault maps discovered:
D:1:      lightli_arrival_chessboard, layout_rooms, minmay_tall_x
D:2:      layout_loops_cross, hellmonk_ecumenical_altar_watching_god,
          uniq_natasha
D:3:      layout_loops_ring, amcnicky_altar_gilded
D:4:      layout_basic, minmay_temple_entry_waves
D:5:      layout_layer_cave, mainiacjoe_overflow_alcove_1, uniq_edmund,
          uniq_pikel
D:6:      layout_loops_ring, grunt_temple_overflow_cloverleaf,
          lemuel_coloured_pillars_altar, gammafunk_ghost_arena,
          cheibrodos_sewer_entry_drain, serial_shops, shop_fountains,
          chequers_serial_rivers_room_a, uniq_crazy_yiuf_cottage, uniq_duvessa
D:7:      corexii_shack_village, layout_basic, corexii_hall_statues_x
D:8:      layout_loops_ring, grunt_temple_overflow_opulence, st_stairs_13,
          minmay_guarded_unrand_variability
D:9:      layout_grid_maze, grunt_lair_entry_orc_guard_hut
D:10:     layout_layer_cave, david_orc_1_choice, enter_trove_2,
          hangedman_decor_riveting, uniq_fannar, uniq_erica
D:11:     layout_layer_cave, nicolae_uskayaw_murder_on_the_dancefloor,
          uniq_lodul, uniq_harold
Temple:   dshaligram_water_room_temple
Lair:1:   layout_big_grid, gauntlet_entry_generic, uniq_nergalle
Orc:1:    layout_caves, uniq_gastronok
Gauntlet: gammafunk_gauntlet_mixed_choke_point
          [minmay_gauntlet_arena_77_two_paths, minmay_gauntlet_arena_77_braids,
          minmay_gauntlet_arena_77_museum, nicolae_gauntlet_arena_x,
          minmay_gauntlet_arena_77_hold_the_fort,
          minmay_gauntlet_arena_77_checkered, minmay_gauntlet_arena_77_mirror,
          nicolae_gauntlet_exit_dead_adventurers]

Skill      XL: |  1  2  3  4  5  6  7  8  9 10 11 12 |
---------------+-------------------------------------+-----
Stealth        | 2 3 4 5 |  5.6
Dodging        | 2 3 4 5 |  5.3
Fighting       | 1 2 3 4 5 6 8 9 |  9.0
Conjurations   | 2 3 4 5 7 |  7.7
Spellcasting   | 3 4 5 6 7 |  7.9
Short Blades   | 1 2 |  2.2
Fire Magic     | 4 5 6 |  6.2
Poison Magic   | 1 2 3 4 |  4.7
Long Blades    | 1 3 4 5 |  5.9
Shields        | 4 7 |  7.0
Earth Magic    | 2 |  2.2
Axes           | |  0.1
Polearms       | |  0.4

Action                     |  1- 3 |  4- 6 |  7- 9 | 10-12 || total
---------------------------+-------+-------+-------+-------++-------
  Melee: Unarmed           |    20 |       |       |       ||    20
         Tailslap          |     9 |     8 |    28 |    54 ||    99
         Hand axe          |    48 |    22 |     5 |       ||    75
         Halberd           |       |    44 |       |       ||    44
         Dagger            |       |    34 |    44 |       ||    78
         Kick              |       |     5 |       |       ||     5
         Falchion          |       |       |   119 |       ||   119
         Punch             |       |       |     3 |       ||     3
         Long sword        |       |       |    46 |   266 ||   312
         Flail             |       |       |    20 |       ||    20
         Rapier            |       |       |    11 |       ||    11
         Headbutt          |       |       |       |     1 ||     1
   Fire: Triple crossbow   |       |       |    20 |       ||    20
   Cast: Foxfire           |    28 |    59 |    82 |    51 ||   220
         Scorch            |       |    10 |    78 |   189 ||   277
         Ensorcelled Hiber |       |     4 |       |     3 ||     7
         Flame Wave        |       |       |     3 |    14 ||    17
         Swiftness         |       |       |     1 |     5 ||     6
         Searing Ray       |       |       |     2 |     3 ||     5
  Evoke: Wand              |       |       |       |     2 ||     2
    Use: Scroll            |       |     6 |    14 |     6 ||    26
         Potion            |       |     8 |     3 |    17 ||    28
   Stab: Sleeping          |     1 |     7 |     2 |     1 ||    11
 Armour: Skin              |    11 |    28 |    76 |    96 ||   211
  Dodge: Dodged            |   109 |   136 |   404 |   457 ||  1106
  Block: Buckler           |       |       |       |    84 ||    84

Table legend: (Time is in decaauts)
 A = Elapsed time spent in this place.
 B = Non-inter-level travel time spent in this place.
 C = Inter-level travel time spent in this place.
 D = Time resting spent in this place.
 E = Time spent auto-exploring this place.
 F = Levels seen in this place.
 G = Mean time per level.
                   A        B        C        D        E       F      G
               +--------+--------+--------+--------+--------+-----+--------+
         Total |  17969 |  17128 |    841 |   5203 |   7934 |  16 | 1123.1 |
       Dungeon |  16195 |  15371 |    824 |   4614 |   7604 |  11 | 1472.3 |
        Temple |    537 |    537 |      0 |    433 |     46 |   1 |  537.0 |
          Lair |    270 |    270 |      0 |      0 |    138 |   1 |  270.0 |
  Orcish Mines |    206 |    189 |     17 |      0 |     79 |   1 |  206.0 |
         Sewer |    237 |    237 |      0 |      0 |     67 |   1 |  237.0 |
      Gauntlet |    522 |    522 |      0 |    156 |      0 |   1 |  522.0 |
               +--------+--------+--------+--------+--------+-----+--------+

Top non-repeatable levels by time:
    D:10: 3205 daAuts
     D:5: 1811 daAuts
     D:6: 1777 daAuts
    D:11: 1734 daAuts
     D:9: 1409 daAuts
     D:7: 1334 daAuts
     D:8: 1258 daAuts
     D:1: 1072 daAuts
     D:2: 991 daAuts
     D:4: 883 daAuts
     D:3: 717 daAuts
  Temple: 537 daAuts
Gauntlet: 522 daAuts
  Lair:1: 270 daAuts
   Sewer: 237 daAuts
